 Dungeon Crawl Stone Soup version 0.30-a0-187-gd9c2deaf24 (webtiles) character file.

Game seed: 14220806489535070001

2986 Iusername the Cleaver (level 9, 0/79 HPs)
             Began as a Minotaur Fighter on Oct 3, 2022.
             Was a Follower of Dithmenos.
             Slain by a gnoll
             ... wielding a +0 halberd
             ... led by a gnoll sergeant
              (4 damage)
             ... on level 6 of the Dungeon.
             The game lasted 00:10:09 (5957 turns).

Iusername the Cleaver (Minotaur Fighter)            Turns: 5957, Time: 00:10:10

Health: 0/79       AC:  9    Str: 31    XL:     9   Next: 53%
Magic:  8/8        EV: 11    Int:  5    God:    Dithmenos [*.....]
Gold:   252        SH:  5    Dex: 10    Spells: 8/8 levels left

rFire   + + .      SeeInvis .    a - +0 war axe
rCold   . . .      Faith    .    c - +0 buckler
rNeg    . . .      Spirit   .    b - +0 scale mail
rPois   .          Reflect  .    (helmet restricted)
rElec   .          Harm     .    (no cloak)
rCorr   .          Rampage  .    (no gloves)
Will    .....                    q - +0 pair of boots
Stlth   ..........               (no amulet)
HPRegen 0.33/turn                g - +6 ring of strength
MPRegen 0.11/turn                (no ring)

@: wreathed by umbra
A: horns 2, retaliatory headbutt, fire resistance 2, evolution 1, subdued magic
1
a: Renounce Religion


You were on level 6 of the Dungeon.
You worshipped Dithmenos.
Dithmenos was aware of your devotion.
You visited 2 branches of the dungeon, and saw 7 of its levels.

You collected 252 gold pieces.

Inventory:

Hand Weapons
 a - a +0 war axe (weapon)
Armour
 b - a +0 scale mail (worn)
 c - a +0 buckler (worn)
 q - a +0 pair of boots (worn)
Jewellery
 g - a +6 ring of strength (left hand)
 m - an amulet of reflection
 u - an amulet of faith
Wands
 r - a wand of digging (5)
Scrolls
 e - a scroll of enchant armour {unknown}
 f - a scroll of fog {unknown}
 i - a scroll of noise {unknown}
 l - a scroll of silence
 n - a scroll of magic mapping {unknown}
 o - 4 scrolls of vulnerability {unknown}
 p - 4 scrolls of teleportation {unknown}
 t - a scroll of identify
 v - 2 scrolls of enchant weapon {unknown}
Potions
 d - 2 potions of might
 h - a potion of haste
 j - a potion of resistance
 k - a potion of mutation
 s - a potion of brilliance {unknown}
 w - a potion of curing {unknown}


   Skills:
 + Level 7.0 Fighting
 + Level 11.1 Axes
 + Level 8.6 Armour
 + Level 3.3 Dodging
 + Level 1.3 Stealth
 + Level 5.5 Shields


You had 8 spell levels left.
You didn't know any spells.
Your spell library was empty.

Dungeon Overview and Level Annotations

Branches:
Dungeon (6/15)             Temple (1/1) D:4

Altars:
Ashenzari
Dithmenos
Hepliaklqana
Kikubaaqudgha
Makhleb
Nemelex Xobeh
Okawaru
Qazlal
Sif Muna
Trog
Xom
Yredelemnul
Zin

Shops:
D:3 (


Innate Abilities, Weirdness & Mutations

You have a pair of horns on your head.
You reflexively headbutt those who attack you in melee.
Your flesh is very heat resistant. (rF++)
You have hidden genetic potential.
Your spells are a little easier to cast, but a little less powerful.


Message History

Your headbutt misses the gnoll sergeant.
The gnoll sergeant is severely wounded.
The gnoll sergeant hits you with a +1 vorpal trident!
You block the gnoll's attack.
You hit the gnoll sergeant. You headbutt the gnoll sergeant.
The gnoll sergeant is severely wounded.
The gnoll sergeant hits you with a +1 vorpal trident!
* * * LOW HITPOINT WARNING * * *
x2 You block the gnoll's attack.
You hit the gnoll sergeant but do no damage.
You headbutt the gnoll sergeant!
You kill the gnoll sergeant!
Dithmenos accepts your kill. The gnoll barely misses you.
You slash the gnoll!
The gnoll is almost dead.
The gnoll hits you from afar with a +0 halberd.
* * * LOW HITPOINT WARNING * * *
The gnoll hits you with a +0 flail.
* * * LOW HITPOINT WARNING * * *
You hit the gnoll. Your headbutt misses the gnoll.
The gnoll is almost dead.
The gnoll closely misses you. The gnoll barely misses you.
You hit the gnoll.
You kill the gnoll!
Dithmenos accepts your kill. You block the gnoll's attack.
The gnoll hits you with a +0 halberd.
* * * LOW HITPOINT WARNING * * *
Items here: )) [ †.
The gnoll hits you with a +0 halberd!
* * * LOW HITPOINT WARNING * * *
The gnoll misses you.
It was a potion of mutation.
You feel extremely strange.
You feel a hidden potential growing inside you.
Your connection to magic feels subdued.
You feel resistant to heat.
You feel more resistant to heat. The gnoll closely misses you.
You closely miss the gnoll. The gnoll hits you with a +0 halberd.
You die...

#..###......>........
####............#######.
#....#...##.............
#......#)##......#######
...##.))##......#######
## ##.###.............
#)###......#######
##.g........#
#.@........##
#.##.#####.# ... .# #.
#### .# #


You could see a gnoll.

Vanquished Creatures
  Pikel (D:4)
  2 slime creatures (D:5)
  A water moccasin (D:6)
  Duvessa (D:4)
  2 black bears
  An ogre (D:4)
  2 centaurs
  A phantom (D:6)
  A lemure (D:4)
  4 kobold brigands (D:5)
  A gnoll sergeant (D:6)
  A scorpion (D:6)
  Dowan (D:4)
  2 howler monkeys
  5 hounds
  An orc priest (D:6)
  6 jellies (D:5)
  Jessica (D:2)
  An iguana (D:5)
  An orc wizard (D:3)
  Robin (D:2)
  7 adders
  12 gnolls
  3 river rats (D:4)
  A white imp (D:6)
  2 ufetubi
  6 worms
  3 dart slugs
  11 orcs
  10 ball pythons
  2 bats
  8 endoplasms
  6 giant cockroaches
  15 goblins
  11 hobgoblins
  3 jackals (D:2)
  3 quokkas
  2 frilled lizards
  9 kobolds
  7 rats
  A butterfly (D:4)
159 creatures vanquished.

Vanquished Creatures (others)
  11 fungi (D:5)
  5 toadstools (D:5)
16 creatures vanquished.

Grand Total: 175 creatures vanquished

Notes
Turn   | Place    | Note
-------+----------+-------------------------------------------
     0 | D:1      | Iusername the Minotaur Fighter began the quest for the Orb.
     0 | D:1      | Reached XP level 1. HP: 19/19 MP: 0/0
   298 | D:1      | Reached XP level 2. HP: 27/27 MP: 1/1
  1137 | D:2      | Noticed Robin
  1142 | D:2      | Reached skill level 3 in Axes
  1145 | D:2      | Reached XP level 3. HP: 28/33 MP: 2/2
  1146 | D:2      | Killed Robin
  1275 | D:2      | Reached XP level 4. HP: 40/40 MP: 3/3
  1541 | D:2      | Noticed Jessica
  1545 | D:2      | Killed Jessica
  1546 | D:2      | Reached skill level 5 in Armour
  1706 | D:2      | Found a faded altar of an unknown god.
  1967 | D:3      | Found a hazy altar of Hepliaklqana.
  2026 | D:3      | Found Kestrank's Weapon Boutique.
  2100 | D:3      | Reached skill level 4 in Axes
  2101 | D:3      | Reached XP level 5. HP: 42/46 MP: 4/4
  2344 | D:3      | Noticed a black bear
  2348 | D:3      | Killed a black bear
  2349 | D:3      | Reached skill level 5 in Axes
  2394 | D:3      | Reached XP level 6. HP: 48/53 MP: 5/5
  2634 | D:3      | Found the +1 Delatra's gloves {ID++}
  2937 | D:4      | Noticed Dowan
  2938 | D:4      | Noticed Duvessa
  2946 | D:4      | Killed Dowan
  2946 | D:4      | HP: 2/53 [gnoll/+0 spear (3)]
  2947 | D:4      | Reached skill level 1 in Dodging
  2952 | D:4      | Killed Duvessa
  2953 | D:4      | Reached skill level 6 in Axes
  3077 | D:4      | Reached XP level 7. HP: 40/60 MP: 6/6
  3366 | D:4      | Found a staircase to the Ecumenical Temple.
  3391 | Temple   | Entered the Ecumenical Temple
  3474 | Temple   | Became a worshipper of Dithmenos the Shadowed
  3684 | D:4      | Reached skill level 5 in Fighting
  3932 | D:4      | Noticed Pikel
  3944 | D:4      | Killed Pikel
  3945 | D:4      | Reached skill level 7 in Axes
  3945 | D:4      | Reached XP level 8. HP: 33/69 MP: 7/7
  4239 | D:5      | Entered Level 5 of the Dungeon
  4248 | D:5      | Reached skill level 8 in Axes
  4515 | D:5      | Reached skill level 1 in Stealth
  4646 | D:5      | Reached skill level 5 in Shields
  4662 | D:5      | Reached skill level 9 in Axes
  5151 | D:5      | Noticed a slime creature
  5151 | D:5      | Noticed a slime creature
  5151 | D:5      | Noticed a slime creature
  5187 | D:5      | Killed a large slime creature
  5188 | D:5      | Reached XP level 9. HP: 43/78 MP: 8/8
  5397 | D:5      | Reached * piety under Dithmenos
  5398 | D:5      | Reached skill level 10 in Axes
  5736 | D:6      | Identified the +1 robe of the Thoughtful Stars {rF++}
  5757 | D:6      | Reached skill level 11 in Axes
  5954 | D:6      | HP: 3/79 [gnoll/+0 halberd[a gnoll sergeant] (11)]
  5956 | D:6      | Gained mutation: You have hidden genetic potential. [potion
                  | of mutation]
  5956 | D:6      | Gained mutation: Your spells are a little easier to cast,
                  | but a little less powerful. [potion of mutation]
  5956 | D:6      | Gained mutation: Your flesh is heat resistant. (rF+)
                  | [potion of mutation]
  5956 | D:6      | Gained mutation: Your flesh is very heat resistant. (rF++)
                  | [potion of mutation]
  5957 | D:6      | Slain by a gnoll

Illustrated notes

Levels and vault maps discovered:
D:1:      nagdon_arrival_zigzag_paths, layout_basic, reono_crystal_passage
D:2:      layout_loops_ring, nicolae_ecumenical_lake_church,
          nicolae_kite_square_tiling_tiny, uniq_jessica, uniq_robin
D:3:      layout_loops_cross, mainiacjoe_overflow_concentric_impassable,
          serial_shops, shop, st_stairs_1, chequers_serial_rivers_large_a,
          pf_guarded_unrand_delatra
D:4:      cheibrodos_quashed, layout_cave_pools,
          minmay_temple_entry_butterflies, lightli_sewer_entry_pipes,
          uniq_duvessa, uniq_pikel
D:5:      cheibrodos_fertilizer, layout_rooms
D:6:      layout_loops_ring
Temple:   regret_index_temple_chain_breaker

Skill      XL: |  1  2  3  4  5  6  7  8  9 |
---------------+----------------------------+-----
Shields        | 4 5 |  5.5
Armour         | 4 5 6 8 |  8.6
Fighting       | 4 5 6 7 |  7.0
Axes           | 3 4 5 6 7 9 11 | 11.1
Dodging        | 1 2 3 |  3.3
Stealth        | 1 |  1.3

Action                   |  1- 3 |  4- 6 |  7- 9 || total
-------------------------+-------+-------+-------++-------
Melee: War axe           |    68 |   107 |   173 ||   348
       Headbutt          |     9 |    17 |    31 ||    57
  Use: Potion            |       |     5 |     5 ||    10
       Scroll            |       |     3 |       ||     3
Armor: Scale mail        |    30 |    45 |    69 ||   144
Dodge: Dodged            |    30 |    53 |   108 ||   191
Block: Buckler           |    18 |    21 |    59 ||    98

Table legend: (Time is in decaauts)
 A = Elapsed time spent in this place.
 B = Non-inter-level travel time spent in this place.
 C = Inter-level travel time spent in this place.
 D = Time resting spent in this place.
 E = Time spent auto-exploring this place.
 F = Levels seen in this place.
 G = Mean time per level.
                   A        B        C        D        E       F      G
               +--------+--------+--------+--------+--------+-----+--------+
         Total |   6067 |   5827 |    240 |   1282 |   3485 |   7 |  866.7 |
       Dungeon |   5963 |   5745 |    218 |   1282 |   3434 |   6 |  993.8 |
        Temple |    103 |     81 |     22 |      0 |     51 |   1 |  103.0 |
               +--------+--------+--------+--------+--------+-----+--------+

Top non-repeatable levels by time:
     D:4: 1344 daAuts
     D:5: 1273 daAuts
     D:1: 1137 daAuts
     D:3: 964 daAuts
     D:2: 787 daAuts
     D:6: 457 daAuts
  Temple: 103 daAuts
